 Dungeon Crawl Stone Soup version 0.31-a0-656-gb4d89c20fa (webtiles) character file.

Game seed: 11644729503349207365

17727 towaii the Eclecticist (level 12, -1/53 HPs)
             Began as a Spriggan Summoner on Aug 30, 2023.
             Was a Believer of Sif Muna.
             Killed by divine providence
             ... invoked by a meliai
              (12 damage)
             ... on level 13 of the Dungeon.
             The game lasted 01:25:00 (17771 turns).

towaii the Eclecticist (Spriggan Summoner)         Turns: 17771, Time: 01:25:02

Health: -1/53      AC:  9    Str:  4    XL:     12   Next: 21%
Magic:  25/33      EV: 23    Int: 21    God:    Sif Muna [**....]
Gold:   1046       SH:  0    Dex: 16    Spells: 20/43 levels left

rFire   . . .        y - +4 spear of a volcano {freeze, rN+}
rCold   . . .        (no shield)
rNeg    + . .        a - +0 robe
rPois   .            (helmet restricted)
rElec   .            v - +2 cloak
rCorr   .            (gloves unavailable)
SInv    +            (boots unavailable)
Will    ++...        (no amulet)
Stlth   +++          e - +5 ring of evasion
HPRegen 0.28/turn    B - +4 ring of protection
MPRegen 0.23/turn

%: no passive effects
@: about to teleport, very quick
A: very small, no large weapons, unfitting armour, see invisible, speed 3
a: Renounce Religion, Channel Magic


You were on level 13 of the Dungeon.
You worshipped Sif Muna.
Sif Muna was pleased with you.
You visited 2 branches of the dungeon, and saw 15 of its levels.

You collected 1046 gold pieces.

Inventory:

Hand Weapons
 y - the +4 spear of a volcano (weapon) {freeze, rN+}
   (You found it on level 5 of the Dungeon)

   rN+:       It protects you from negative energy.
Armour
 a - a +0 robe (worn)
 v - a +2 cloak (worn)
Jewellery
 e - a +5 ring of evasion (left hand)
 q - an amulet of faith
 B - a +4 ring of protection (right hand)
 D - a +5 ring of evasion
 I - a ring of ice
Talismans
 d - a beast talisman
Wands
 p - a wand of digging (5)
 w - a wand of charming (12)
 z - a wand of flame (27)
 F - a wand of light (13)
Scrolls
 f - 2 scrolls of brand weapon {unknown}
 i - a scroll of fear {unknown}
 k - 8 scrolls of identify
 l - 2 scrolls of poison {unknown}
 n - 8 scrolls of blinking
 o - 5 scrolls of fog {unknown}
 s - 7 scrolls of teleportation
 t - 2 scrolls of amnesia {unknown}
 u - 3 scrolls of enchant weapon {unknown}
 A - 3 scrolls of enchant armour {unknown}
 C - 3 scrolls of revelation {unknown}
 H - a scroll of butterflies {unknown}
 J - 2 scrolls of vulnerability {unknown}
 K - 2 scrolls of immolation {unknown}
 L - 2 scrolls of noise {unknown}
Potions
 b - a potion of magic
 c - 3 potions of enlightenment
 g - 4 potions of attraction {unknown}
 h - a potion of degeneration {unknown}
 j - a potion of heal wounds
 m - 5 potions of haste {unknown}
 r - 4 potions of curing
 x - 2 potions of lignification {unknown}
 E - 6 potions of might {unknown}
 G - 2 potions of mutation {unknown}
 M - a potion of resistance {unknown}


   Skills:
 + Level 1.2 Fighting
 + Level 0.2 Short Blades
 + Level 2.6 Polearms
 + Level 4.3 Dodging
 + Level 4.8 Stealth
 + Level 16.1 Spellcasting
 + Level 4.7 Hexes
 + Level 11.1 Summonings
 + Level 0.5 Translocations
 + Level 3.1 Ice Magic
 + Level 1.2 Air Magic
 + Level 0.1 Evocations


You had 20 spell levels left.
You knew the following spells:

 Your Spells              Type           Power      Damage    Failure   Level
a - Summon Small Mammal   Summ           100%       N/A       1%          1
b - Call Imp              Summ           100%       N/A       1%          2
c - Call Canine Familiar  Summ           59%        N/A       1%          3
d - Summon Guardian Gole  Hex/Summ       50%        N/A       1%          3
e - Summon Ice Beast      Ice/Summ       47%        N/A       1%          4
f - Summon Lightning Spi  Summ/Air       42%        N/A       2%          4
g - Hailstorm             Conj/Ice       23%        3d7       5%          3
h - Gell's Gravitas       Tloc           19%        N/A       9%          3

Your spell library contained the following spells:

 Spells                   Type           Power      Damage    Failure   Level
 Portal Projectile        Hex/Tloc       56%        N/A       3%          3
 Lesser Beckoning         Tloc           38%        N/A       4%          2
 Teleport Other           Tloc           19%        N/A       9%          3
 Leda's Liquefaction      Hex/Erth       13%        N/A       13%         4
 Manifold Assault         Tloc           19%        N/A       26%         4
 Simulacrum               Ice/Necr       11%        N/A       95%         6
 Dispersal                Tloc           9%         N/A       99%         6
 Disjunction              Tloc           9%         N/A       100%        8


Dungeon Overview and Level Annotations

Branches:
Dungeon (14/15)            Temple (1/1) D:4            Lair (0/5) D:8
    Orc (0/2) D:9
 Vaults: D:13-14

Altars:
Ashenzari
Cheibriados
Dithmenos
Elyvilon
Fedhas
Gozag
Hepliaklqana
Kikubaaqudgha
Makhleb
Nemelex Xobeh
Okawaru
Qazlal
Ru
Sif Muna
Trog
Uskayaw
Vehumet
Wu Jian
Xom
Yredelemnul
Zin
The Shining One

Shops:
D:8 (

Annotations:
D:9 exclusion: obsidian statue
D:10 3 runed translucent doors, Lemondrips's ghost, journeyman MiSh


Innate Abilities, Weirdness & Mutations

You are very small and have problems with some larger weapons.
You are too small for most types of armour.
You have supernaturally acute eyesight. (SInv)
You cover ground extremely quickly. (Speed+++)


Message History

The meliai invokes the aid of its god against you.
Something smites you!
Your ice beast hits the meliai but does no damage.
The meliai misses you.
The meliai hits your guardian golem with a +0 war axe.
The meliai stings you.
There is a stone staircase leading up, spattered with blood here.
The meliai misses you.
The meliai hits your ice beast with a +0 hand axe.
The meliai hits your guardian golem with a +0 hand axe!
The meliai barely misses you. The meliai hits you with a +0 war axe!
* * * LOW HITPOINT WARNING * * *
The meliai hits your guardian golem with a +0 war axe!
The meliai stings you.
* * * LOW HITPOINT WARNING * * *
The meliai completely misses you.
The meliai hits your ice beast with a +0 hand axe.
The meliai hits your guardian golem with a +0 hand axe.
The meliai stings you but does no damage.
The meliai completely misses you.
The meliai hits your guardian golem with a +0 war axe!
The meliai stings you but does no damage.
Your guardian golem overheats!
Your ice beast hits the meliai but does no damage.
You climb upwards.
Your summoned allies are left behind.
There is a stone staircase leading down here.
You feel much better. The meliai hits you with a +0 hand axe!
The meliai closely misses you. The meliai completely misses you.
The meliai misses you. x4; The meliai completely misses you.
Blink to where?
Press: ? - help, Dir - move target
As you read the scroll of blinking, it crumbles to dust.
As you read the scroll of teleportation, it crumbles to dust.
You feel strangely unstable.
The meliai calls down the wrath of its god upon you.
Something smites you!
* * * LOW HITPOINT WARNING * * *
The meliai mumbles some strange prayers to its god against you.
Something smites you!
You die...

##.# ##.## #.........# ##.#
#.# ##..##.###.# ...# #.#
#.#....# #.# ...# ##+##
#...#### #.# ##.# ##ยง..##
#...# #.# ##(#
##..y..####...######.# .#.#
##......y.......<.....#
...###.................#####
.....+..........@......#
...###.........##.....##
.### ##.......###....##
########.(...## #...##
#.........## #.###
#.######.## #.# #.# #.# #.#
###.#### #[# #.#
.......###.######.#


You could see 2 meliai.

Vanquished Creatures
  A deep elf pyromancer (D:12)
  An unseen horror (D:10)
  Sigmund (D:5)
  A wraith (D:13)
  A wyvern (D:11)
  A gnoll bouda (D:8)
  A hound (D:5)
  A sleepcap (D:6)
  An orc wizard (D:9)
  An iguana (D:5)
  A killer bee zombie (D:8)
  2 adders
  An orc (D:9)
  A bat (D:1)
  A goblin (D:1)
  A quokka (D:3)
  A frilled lizard (D:1)
  2 kobolds (D:1)
  4 rats
24 creatures vanquished.

Vanquished Creatures (collateral kills)
  A centaur warrior (D:13)
  2 two-headed ogres
  2 boulder beetles (D:14)
  A deep elf pyromancer (D:13)
  A cyclops (D:13)
  2 manticores
  Maurice (D:11)
  A gargoyle (D:10)
  A komodo dragon (D:12)
  A tengu conjurer (D:14)
  An unseen horror zombie (D:8)
  3 slime creatures (D:13)
  3 wraiths
  2 shadows
  A vampire (D:11)
  A steam dragon (D:9)
  6 vampire mosquitoes
  An acid dragon (D:10)
  3 orc warriors (D:9)
  3 ice beasts
  A hornet zombie (D:8)
  2 black bears
  An ogre (D:3)
  9 centaurs
  A phantom (D:4)
  2 necrophages (D:8)
  7 bullfrogs
  2 wyvern zombies (D:8)
  4 scorpions
  7 killer bees
  An electric eel (D:10)
  4 howler monkeys
  3 hounds
  A human zombie (D:8)
  3 orc priests
  A jelly (D:5)
  Natasha (twice) (D:4)
  3 iguanas
  12 orc wizards
  2 howler monkey zombies (D:8)
  4 gnolls (D:8)
  10 adders
  3 white imps (D:5)
  4 ufetubi
  3 dart slugs
  22 orcs
  7 ball pythons
  3 bats
  6 endoplasms
  4 giant cockroaches
  4 hobgoblins
  2 quokkas
  2 frilled lizards
  8 goblins
  2 kobolds
  17 rats
206 creatures vanquished.

Vanquished Creatures (others)
  A two-headed ogre (D:8)
  A boulder beetle (D:14)
  2 manticores
  Maggie (D:7)
  A troll (D:9)
  5 slime creatures (D:13)
  An orc warrior (D:9)
  A hornet zombie (D:8)
  7 centaurs
  A centaur zombie (D:8)
  An orc priest (D:5)
  Natasha (D:4)
  An orc wizard (D:5)
  2 orcs
  A ball python (D:4)
27 creatures vanquished.

Grand Total: 257 creatures vanquished

Notes
Turn   | Place    | Note
-------+----------+-------------------------------------------
     0 | D:1      | towaii the Spriggan Summoner began the quest for the Orb.
     0 | D:1      | Reached XP level 1. HP: 9/9 MP: 5/5
   642 | D:1      | Found a faded altar of an unknown god.
   720 | D:1      | Reached XP level 2. HP: 13/13 MP: 4/6
   723 | D:1      | Learned a level 2 spell: Call Imp
   857 | D:1      | Reached skill level 3 in Spellcasting
  1617 | D:2      | Reached XP level 3. HP: 16/16 MP: 4/8
  1617 | D:2      | Upgraded the game from 0.31-a0-654-gbe3e110b4e to
                  | 0.31-a0-656-gb4d89c20fa
  2695 | D:3      | Reached XP level 4. HP: 21/21 MP: 5/10
  2699 | D:3      | Learned a level 3 spell: Call Canine Familiar
  2703 | D:3      | Learned a level 3 spell: Summon Guardian Golem
  2829 | D:3      | Reached skill level 4 in Spellcasting
  3192 | D:3      | Noticed an ogre
  3212 | D:3      | Killed an ogre
  3213 | D:3      | Reached skill level 5 in Spellcasting
  3213 | D:3      | Reached XP level 5. HP: 24/24 MP: 2/13
  3730 | D:4      | Noticed a phantom
  3740 | D:4      | Killed a phantom
  3741 | D:4      | Reached XP level 6. HP: 28/28 MP: 7/15
  4010 | D:4      | Reached skill level 6 in Spellcasting
  4071 | D:4      | Found a bloodstained altar of Trog.
  4102 | D:4      | Noticed Natasha
  4111 | D:4      | Killed Natasha
  4112 | D:4      | Noticed Natasha
  4119 | D:4      | Killed Natasha
  4395 | D:4      | Found a sparkling altar of Nemelex Xobeh.
  4588 | D:4      | Noticed Natasha
  4599 | D:4      | Killed Natasha
  4662 | D:4      | Found a staircase to the Ecumenical Temple.
  4671 | Temple   | Entered the Ecumenical Temple
  4830 | D:5      | Entered Level 5 of the Dungeon
  4833 | D:5      | Identified the +4 spear of a volcano {freeze, rN+}
  4844 | D:5      | Reached skill level 5 in Summonings
  4968 | D:5      | Reached skill level 7 in Spellcasting
  4970 | D:5      | Reached XP level 7. HP: 25/32 MP: 12/18
  5438 | D:5      | Noticed Sigmund
  5472 | D:5      | Killed Sigmund
  5473 | D:5      | Reached skill level 8 in Spellcasting
  5624 | D:5      | Reached skill level 1 in Hexes
  6013 | D:6      | Reached XP level 8. HP: 36/36 MP: 15/21
  6054 | D:6      | Found a shimmering altar of Xom.
  6417 | D:6      | Found a snail-covered altar of Cheibriados.
  6601 | D:6      | Reached skill level 1 in Polearms
  6601 | D:6      | Reached skill level 9 in Spellcasting
  6635 | D:6      | Found an opulent altar of Gozag.
  6664 | D:6      | Found a stormy altar of Qazlal.
  6808 | D:6      | Found a hide-covered altar of Uskayaw.
  7339 | D:7      | Found a broken altar of Ashenzari.
  7444 | D:7      | Reached skill level 10 in Spellcasting
  7558 | D:7      | Noticed Maggie
  7568 | D:7      | Killed Maggie
  7569 | D:7      | Reached XP level 9. HP: 22/39 MP: 13/24
  8058 | D:7      | Learned a level 4 spell: Summon Ice Beast
  8320 | D:7      | Reached skill level 11 in Spellcasting
  8951 | D:8      | Found an ancient bone altar of Kikubaaqudgha.
  8960 | D:8      | Reached skill level 12 in Spellcasting
  9000 | D:8      | Noticed a two-headed ogre
  9008 | D:8      | Killed a two-headed ogre
  9009 | D:8      | Reached XP level 10. HP: 44/44 MP: 15/27
  9086 | D:8      | Found Ysug's Antique Weapon Shoppe.
  9130 | D:8      | Found a staircase to the Lair.
 10213 | D:9      | Noticed an obsidian statue
 10269 | D:9      | Learned a level 4 spell: Summon Lightning Spire
 10273 | D:9      | Learned a level 3 spell: Hailstorm
 10439 | D:9      | Found a shimmering blue altar of Sif Muna.
 10447 | D:9      | Became a worshipper of Sif Muna the Loreminder
 10831 | D:9      | Found a staircase to the Orcish Mines.
 11106 | D:10     | Entered Level 10 of the Dungeon
 11178 | D:10     | Found a runed translucent gate.
 11178 | D:10     | Found a runed translucent gate.
 11178 | D:10     | Found a runed translucent gate.
 11178 | D:10     | Noticed Lemondrips's ghost (journeyman MiSh)
 11474 | D:10     | Noticed a gargoyle
 11942 | D:10     | Reached skill level 1 in Ice Magic
 11988 | D:10     | Killed a gargoyle
 11989 | D:10     | Reached skill level 13 in Spellcasting
 12915 | D:11     | Noticed a two-headed ogre
 13134 | D:11     | Reached * piety under Sif Muna
 13418 | D:11     | Killed a two-headed ogre
 13419 | D:11     | Reached XP level 11. HP: 48/48 MP: 13/29
 13586 | D:11     | Noticed Maurice
 13605 | D:11     | Killed Maurice
 13723 | D:11     | Reached skill level 10 in Summonings
 14317 | D:12     | Reached skill level 14 in Spellcasting
 14401 | D:12     | Noticed a deep elf pyromancer
 14412 | D:12     | Killed a deep elf pyromancer
 14782 | D:12     | Noticed a two-headed ogre
 14792 | D:12     | Killed a two-headed ogre
 15075 | D:12     | Identified the +0 pair of boots of the Enchanted Forest
                  | {Rampage rN+ Int+4}
 15481 | D:13     | Learned a level 3 spell: Gell's Gravitas
 15522 | D:13     | Reached skill level 1 in Fighting
 15811 | D:13     | Reached ** piety under Sif Muna
 15817 | D:13     | Reached skill level 15 in Spellcasting
 16277 | D:13     | Noticed a centaur warrior
 16286 | D:13     | Killed a centaur warrior
 16512 | D:13     | Noticed a deep elf pyromancer
 16521 | D:13     | Killed a deep elf pyromancer
 16522 | D:13     | Reached skill level 1 in Air Magic
 16786 | D:14     | Noticed a boulder beetle
 16787 | D:14     | Noticed a boulder beetle
 16808 | D:14     | Killed a boulder beetle
 16842 | D:14     | Killed a boulder beetle
 16843 | D:14     | Reached XP level 12. HP: 52/53 MP: 11/32
 16999 | D:14     | Noticed a boulder beetle
 17042 | D:14     | Killed a boulder beetle
 17376 | D:14     | Reached skill level 16 in Spellcasting
 17557 | D:14     | Noticed a centaur warrior
 17771 | D:13     | Killed from afar by a meliai

Illustrated notes

Levels and vault maps discovered:
D:1:      lemuel_arrival_rhombus, layout_basic,
          dreamdust_ecumenical_altar_statues
D:2:      layout_loops_ring, minivault_19, dk_noncrumbling_4, minmay_distorted
D:3:      layout_rooms, st_stairs_8, minmay_rat_hole
D:4:      layout_basic, pf_just_have_faith, lemuel_doored_altar, temple_hall,
          kennysheep_generic_room_13, uniq_natasha
D:5:      layout_basic, uniq_sigmund
D:6:      layout_loops_ring, kennysheep_mini_moat, marbit_many_paths,
          mainiacjoe_overflow_small_starburst, nicolae_overflow_crystal_walls,
          cheibriados_altar_1
D:7:      layout_loops_corners, mainiacjoe_overflow_boulevard, uniq_maggie
D:8:      layout_rooms, lemuel_mausoleum_altar_kikubaaqudgha, lair_entry_dummy,
          serial_shops, shop, nicolae_eternal_life
D:9:      layout_loops_cross, nicolae_sif_muna_condensation, david_orc_4,
          kennysheep_minor_cross, minivault_16, bh_walls_and_bars
D:10:     layout_basic, gammafunk_ghost_nasty_kobolds
D:11:     layout_rooms, serial_co_window_serial, co_window_paths_a,
          co_window_corner_a, co_window_corner_a, co_window_paths_a,
          co_window_paths_a, co_window_of_opportunity_c, co_window_2corner,
          co_window_corner_b, co_window_4corner_b, co_window_paths_d,
          uniq_maurice
D:12:     layout_roguey
D:13:     layout_loops_corners
D:14:     layout_roguey [special_room_orc], grunt_vaults_entry_tiered,
          nicolae_gozag_cash_rules_everything_around_me
Temple:   nicolae_temple_godzebo

Skill      XL: |  1  2  3  4  5  6  7  8  9 10 11 12 |
---------------+-------------------------------------+-----
Spellcasting   | 3 5 7 8 10 12 13 15 16 | 16.1
Summonings     | 4 5 7 8 9 10 11 | 11.1
Dodging        | 3 4 |  4.3
Hexes          | 1 2 3 4 |  4.7
Polearms       | 1 2 |  2.6
Stealth        | 4 |  4.8
Ice Magic      | 1 3 |  3.1
Fighting       | 1 |  1.2
Air Magic      | 1 |  1.2
Short Blades   | |  0.2
Translocations | |  0.5
Evocations     | |  0.1

Action                     |  1- 3 |  4- 6 |  7- 9 | 10-12 || total
---------------------------+-------+-------+-------+-------++-------
  Melee: Unarmed           |    46 |       |       |       ||    46
         Punch             |     1 |     2 |       |       ||     3
         Dagger            |    17 |    21 |       |       ||    38
         Spear             |       |    10 |    50 |    64 ||   124
   Cast: Summon Small Mamm |    57 |    23 |     8 |    10 ||    98
         Call Imp          |    17 |    21 |    47 |    53 ||   138
         Call Canine Famil |       |    28 |    52 |    66 ||   146
         Summon Guardian G |       |     4 |    17 |    52 ||    73
         Summon Ice Beast  |       |       |     5 |    61 ||    66
         Summon Lightning  |       |       |       |    12 ||    12
         Gell's Gravitas   |       |       |       |     1 ||     1
  Evoke: Wand              |       |       |       |     1 ||     1
    Use: Scroll            |       |       |       |     7 ||     7
         Potion            |       |       |       |     3 ||     3
   Stab: Distracted        |       |     2 |     1 |     1 ||     4
 Armour: Robe              |     7 |     3 |     4 |    24 ||    38
  Dodge: Dodged            |    58 |    37 |    54 |   129 ||   278
         Form:             |     1 |       |       |       ||     1
         Beast             |     1 |       |       |       ||     1

Table legend: (Time is in decaauts)
 A = Elapsed time spent in this place.
 B = Non-inter-level travel time spent in this place.
 C = Inter-level travel time spent in this place.
 D = Time resting spent in this place.
 E = Time spent auto-exploring this place.
 F = Levels seen in this place.
 G = Mean time per level.
                   A        B        C        D        E       F      G
               +--------+--------+--------+--------+--------+-----+--------+
         Total |  13858 |  13455 |    403 |    224 |  10695 |  15 |  923.9 |
       Dungeon |  13787 |  13395 |    392 |    224 |  10695 |  14 |  984.8 |
        Temple |     71 |     61 |     10 |      0 |      0 |   1 |   71.0 |
               +--------+--------+--------+--------+--------+-----+--------+

Top non-repeatable levels by time:
    D:10: 1517 daAuts
    D:13: 1219 daAuts
     D:8: 1116 daAuts
     D:1: 1076 daAuts
     D:7: 1043 daAuts
     D:9: 1032 daAuts
     D:4: 1026 daAuts
     D:5: 927 daAuts
     D:6: 879 daAuts
     D:3: 862 daAuts
    D:14: 824 daAuts
    D:11: 810 daAuts
    D:12: 739 daAuts
     D:2: 712 daAuts
  Temple: 71 daAuts
